NCAA
PITTSBURGH PANTHERS @ XAVIER MUSKETEERS
05/07/2026
 
TOP OF THE 1ST
Pittsburgh Panthers batting - Pitching for Xavier Musketeers : LHP Michael Thornton
Pitching: LHP Michael Thornton
Batting: RHB Ron Johnson 0-0: DOUBLE (Line Drive, 8RM)
Batting: RHB Todd Noone 0-0: Swinging Strike
0-1: Ball
1-1: Ball
2-1: Swinging Strike
2-2: Strikes out swinging
Batting: RHB Ismael Ortíz 0-0: Ball
1-0: 2-RUN HOME RUN (Flyball, 78XD), Distance : 402 ft
Batting: RHB Pete Woods 0-0: Ball
1-0: Called Strike
1-1: Called Strike
1-2: Foul Ball, location: 2F
1-2: SOLO HOME RUN (Flyball, 78XD), Distance : 411 ft
Batting: LHB Alonso Carbajal 0-0: Ball
1-0: SINGLE (Line Drive, 89S)
Batting: RHB Martín Camacho 0-0: Ball
1-0: Fly out, F3 (Popup, 13S)
Batting: SHB Tim Mullen Balk!
Alonso Carbajal to second
0-0: Ball
1-0: Ball
2-0: Ball
3-0: Base on Balls
Batting: RHB Henry Edwards 0-0: Foul Ball, location: 2F
0-1: Called Strike
0-2: SINGLE (Groundball, 34)
Alonso Carbajal to third
Tim Mullen to second
Runner from 3rd tries for Home, SAFE, no throw or cutoff
Batting: LHB Mike Hanson 0-0: Ball
1-0: Called Strike
1-1: Ball
2-1: Ball
3-1: Called Strike
3-2: Strikes out swinging
Top of the 1st over - 4 run(s), 5 hit(s), 0 error(s), 2 left on base; Pittsburgh 4 - Xavier 0
BOTTOM OF THE 1ST
Xavier Musketeers batting - Pitching for Pittsburgh Panthers : RHP John O'Neil
Pitching: RHP John O'Neil
Batting: SHB Rick Hinton 0-0: Foul Ball, location: 2F
0-1: Ball
1-1: Swinging Strike
1-2: Ball
2-2: Strikes out swinging
Batting: SHB Jorge Tamayo 0-0: Ball
1-0: Foul Ball, location: 2F
1-1: Fly out, F4 (Popup, 34D)
Batting: RHB Elliott Bell 0-0: Called Strike
0-1: Ball
1-1: Hit by Pitch
Batting: LHB Roberto Barrón Reached via error on a dropped throw, E3
Elliott Bell to second
Batting: RHB Ty Adams 0-0: Called Strike
0-1: Ball
1-1: Ball
2-1: Called Strike
2-2: Foul Ball, location: 2F
2-2: Ball
3-2: Strikes out swinging
Bottom of the 1st over - 0 run(s), 0 hit(s), 1 error(s), 2 left on base; Pittsburgh 4 - Xavier 0
TOP OF THE 2ND
Pittsburgh Panthers batting - Pitching for Xavier Musketeers : LHP Michael Thornton
Batting: RHB Ron Johnson 0-0: Called Strike
0-1: Fly out, F8 (Flyball, 8LM)
Batting: RHB Todd Noone 0-0: Called Strike
0-1: Fly out, F7 (Flyball, 78M)
Batting: RHB Ismael Ortíz 0-0: Ball
1-0: Ball
2-0: Ball
3-0: Base on Balls
Batting: RHB Pete Woods 0-0: Ball
1-0: Called Strike
1-1: Ground out 6-3 (Groundball, 6)
Top of the 2nd over - 0 run(s), 0 hit(s), 0 error(s), 1 left on base; Pittsburgh 4 - Xavier 0
BOTTOM OF THE 2ND
Xavier Musketeers batting - Pitching for Pittsburgh Panthers : RHP John O'Neil
Batting: RHB Cole Quintsey 0-0: Ball
1-0: Called Strike
1-1: Foul Ball, location: 2F
1-2: Strikes out swinging
Batting: RHB Joe Noble 0-0: Called Strike
0-1: Ball
1-1: Foul Ball, location: 2F
1-2: Reached on error, E6 (Groundball, 6M)
Batting: RHB Will Sawyer 0-0: Called Strike
0-1: Called Strike
0-2: Ball
1-2: Foul Ball, location: 2F
1-2: Strikes out looking
Batting: SHB Ray Reid 0-0: Ball
1-0: Called Strike
1-1: Ball
2-1: Ball
3-1: Foul Ball, location: 2F
3-2: Base on Balls
Batting: SHB Rick Hinton 0-0: Foul Ball, location: 2F
0-1: Foul Ball, location: 2F
0-2: Ball
1-2: Ball
2-2: Fly out, F7 (Flyball, 7LM)
Bottom of the 2nd over - 0 run(s), 0 hit(s), 1 error(s), 2 left on base; Pittsburgh 4 - Xavier 0
TOP OF THE 3RD
Pittsburgh Panthers batting - Pitching for Xavier Musketeers : LHP Michael Thornton
Batting: LHB Alonso Carbajal 0-0: Ball
1-0: Called Strike
1-1: Called Strike
1-2: Foul Ball, location: 2F
1-2: SINGLE (Groundball, 56S) (infield hit)
Batting: RHB Martín Camacho 0-0: Called Strike
0-1: Ball
1-1: Ball
2-1: Called Strike
2-2: Foul Ball, location: 2F
2-2: Ball
3-2: Base on Balls
Alonso Carbajal to second
Batting: SHB Tim Mullen 0-0: Ball
1-0: Foul Ball, location: 2F
1-1: Called Strike
1-2: Fly out, F9 (Flyball, 9M)
Batting: RHB Henry Edwards 0-0: Foul Ball, location: 2F
0-1: Called Strike
0-2: Foul Ball, location: 2F
0-2: Foul Ball, location: 2F
0-2: Ground out 3-1 (Groundball, 34)
Alonso Carbajal to third
Martín Camacho to second
Batting: LHB Mike Hanson 0-0: Swinging Strike
0-1: Ball
1-1: Foul Ball, location: 2F
1-2: Ball
2-2: Strikes out swinging
Top of the 3rd over - 0 run(s), 1 hit(s), 0 error(s), 2 left on base; Pittsburgh 4 - Xavier 0
BOTTOM OF THE 3RD
Xavier Musketeers batting - Pitching for Pittsburgh Panthers : RHP John O'Neil
Batting: SHB Jorge Tamayo 0-0: Foul Ball, location: 2F
0-1: Ball
1-1: Foul Ball, location: 2F
1-2: Strikes out swinging
Batting: RHB Elliott Bell 0-0: Swinging Strike
0-1: Swinging Strike
0-2: Ball
1-2: Foul Ball, location: 2F
1-2: Ball
2-2: Strikes out swinging
Batting: LHB Roberto Barrón 0-0: Ball
1-0: Ball
2-0: Foul Ball, location: 2F
2-1: Fly out, F7 (Flyball, 78M)
Bottom of the 3rd over - 0 run(s), 0 hit(s), 0 error(s), 0 left on base; Pittsburgh 4 - Xavier 0
TOP OF THE 4TH
Pittsburgh Panthers batting - Pitching for Xavier Musketeers : LHP Michael Thornton
Batting: RHB Ron Johnson 0-0: Ball
1-0: Swinging Strike
1-1: Fly out, F8 (Flyball, 8LM)
Batting: RHB Todd Noone 0-0: Ball
1-0: Ball
2-0: Ball
3-0: Base on Balls
Batting: RHB Ismael Ortíz 0-0: Called Strike
0-1: Ball
Throwing error on steal attempt, E2
Todd Noone to third
1-1: Foul Ball, location: 2F
1-2: SINGLE (Line Drive, 78M)
Todd Noone scores
Batting: RHB Pete Woods 0-0: Called Strike
0-1: Ball
1-1: SINGLE (Groundball, 6M)
Ismael Ortíz to second
Runner from 2nd tries for 3rd, SAFE, throw made to third
Pitching: RHP Ryan Schmidt
Batting: LHB Alonso Carbajal 0-0: Called Strike
0-1: Fly out, F6 (Popup, 56D)
Batting: RHB Martín Camacho 0-0: Hit by Pitch
Pete Woods to second
Pinch Runner at 1st Bobby Cooper:
Batting: SHB Tim Mullen 0-0: Fielders Choice at 2nd, 5-4 (Groundball, 56)
Top of the 4th over - 1 run(s), 2 hit(s), 1 error(s), 2 left on base; Pittsburgh 5 - Xavier 0
BOTTOM OF THE 4TH
Xavier Musketeers batting - Pitching for Pittsburgh Panthers : RHP John O'Neil
Now at 1B: Bobby Cooper
Batting: RHB Ty Adams 0-0: Ball
1-0: Ball
2-0: Called Strike
2-1: Ball
3-1: Called Strike
3-2: Base on Balls
Batting: RHB Cole Quintsey 0-0: Called Strike
Ty Adams is caught stealing 2nd base
0-1: Foul Ball, location: 2F
0-2: Ball
1-2: Ball
2-2: Strikes out looking
Batting: RHB Joe Noble 0-0: Called Strike
0-1: Ball
1-1: Ground out 6-3 (Groundball, 6M)
Bottom of the 4th over - 0 run(s), 0 hit(s), 0 error(s), 0 left on base; Pittsburgh 5 - Xavier 0
TOP OF THE 5TH
Pittsburgh Panthers batting - Pitching for Xavier Musketeers : RHP Ryan Schmidt
Batting: RHB Henry Edwards 0-0: Called Strike
0-1: Ball
1-1: Ball
2-1: Swinging Strike
2-2: Strikes out looking
Batting: LHB Mike Hanson 0-0: DOUBLE (Flyball, 89XD)
Batting: RHB Ron Johnson 0-0: Called Strike
0-1: Called Strike
0-2: Strikes out swinging
Batting: RHB Todd Noone 0-0: Called Strike
0-1: Ground out 6-3 (Groundball, 6)
Top of the 5th over - 0 run(s), 1 hit(s), 0 error(s), 1 left on base; Pittsburgh 5 - Xavier 0
BOTTOM OF THE 5TH
Xavier Musketeers batting - Pitching for Pittsburgh Panthers : RHP John O'Neil
Batting: RHB Will Sawyer 0-0: Ball
1-0: Foul Ball, location: 2F
1-1: Called Strike
1-2: Fly out, F7 (Flyball, 7M)
Batting: SHB Ray Reid 0-0: Ball
1-0: Ball
2-0: Called Strike
2-1: Ball
3-1: Fly out, F7 (Flyball, 8LM)
Batting: SHB Rick Hinton 0-0: Ball
1-0: Ball
2-0: Ground out 5-3 (Groundball, 15S)
Bottom of the 5th over - 0 run(s), 0 hit(s), 0 error(s), 0 left on base; Pittsburgh 5 - Xavier 0
TOP OF THE 6TH
Pittsburgh Panthers batting - Pitching for Xavier Musketeers : RHP Ryan Schmidt
Batting: RHB Ismael Ortíz 0-0: Ball
1-0: Ball
2-0: Called Strike
2-1: Ball
3-1: Ground out 4-3 (Groundball, 4)
Batting: RHB Pete Woods 0-0: Foul Ball, location: 2F
0-1: Ball
1-1: Swinging Strike
1-2: Ball
2-2: Strikes out swinging
Batting: LHB Alonso Carbajal 0-0: Called Strike
0-1: Swinging Strike
0-2: Strikes out swinging
Top of the 6th over - 0 run(s), 0 hit(s), 0 error(s), 0 left on base; Pittsburgh 5 - Xavier 0
BOTTOM OF THE 6TH
Xavier Musketeers batting - Pitching for Pittsburgh Panthers : RHP John O'Neil
Batting: SHB Jorge Tamayo 0-0: Called Strike
0-1: Called Strike
0-2: Ball
1-2: Foul Ball, location: 2F
1-2: Strikes out looking
Batting: RHB Elliott Bell 0-0: Swinging Strike
0-1: Called Strike
0-2: Fly out, F7 (Flyball, 78XD)
Batting: LHB Roberto Barrón 0-0: Called Strike
0-1: Called Strike
0-2: Ball
1-2: DOUBLE (Line Drive, 78S)
Pitching: RHP William Gallegos
Batting: RHB Ty Adams 0-0: Called Strike
0-1: Ball
1-1: Foul Ball, location: 2F
1-2: Ball
2-2: Foul Ball, location: 2F
2-2: SINGLE (Flyball, 89S)
Roberto Barrón to third
Runner from 3rd tries for Home, SAFE, no throw or cutoff
Batting: RHB Cole Quintsey 0-0: Ball
Ty Adams steals 2nd base
1-0: Called Strike
1-1: Ball
2-1: Ball
3-1: SINGLE (Groundball, 6M) (infield hit)
Ty Adams to third
Batting: RHB Joe Noble 0-0: Ball
1-0: Foul Ball, location: 2F
1-1: Called Strike
1-2: Foul Ball, location: 2F
1-2: Ball
2-2: Foul Ball, location: 2F
2-2: Foul Ball, location: 2F
2-2: Fielders Choice at 2nd, 5-4 (Groundball, 56)
Bottom of the 6th over - 1 run(s), 3 hit(s), 0 error(s), 1 left on base; Pittsburgh 5 - Xavier 1
TOP OF THE 7TH
Pittsburgh Panthers batting - Pitching for Xavier Musketeers : RHP Ryan Schmidt
Pitching: RHP Carlos Hernández
Batting: RHB Bobby Cooper 0-0: SINGLE (Groundball, 6M)
Batting: SHB Tim Mullen 0-0: Ball
1-0: Ball
2-0: Ball
3-0: Called Strike
3-1: Called Strike
3-2: Fly out, F7 (Flyball, 78M)
Batting: RHB Henry Edwards 0-0: Fielders Choice at 2nd, U6 (Groundball, 6M)
Batting: LHB Mike Hanson 0-0: Ball
1-0: Ball
2-0: Ground out U3 (Groundball, 3L)
Top of the 7th over - 0 run(s), 1 hit(s), 0 error(s), 1 left on base; Pittsburgh 5 - Xavier 1
BOTTOM OF THE 7TH
Xavier Musketeers batting - Pitching for Pittsburgh Panthers : RHP William Gallegos
Batting: RHB Will Sawyer 0-0: Ball
1-0: SOLO HOME RUN (Line Drive, 7D), Distance : 366 ft
Batting: SHB Ray Reid 0-0: Swinging Strike
0-1: Swinging Strike
0-2: Ball
1-2: Ball
2-2: Strikes out looking
Batting: SHB Rick Hinton 0-0: Ball
1-0: Foul Ball, location: 2F
1-1: SINGLE (Groundball, 56D)
Batting: SHB Jorge Tamayo 0-0: Ball
Rick Hinton is caught stealing 2nd base
1-0: Swinging Strike
1-1: Ball
2-1: Foul Ball, location: 2F
2-2: Ball
3-2: Strikes out swinging
Bottom of the 7th over - 1 run(s), 2 hit(s), 0 error(s), 0 left on base; Pittsburgh 5 - Xavier 2
TOP OF THE 8TH
Pittsburgh Panthers batting - Pitching for Xavier Musketeers : RHP Carlos Hernández
Batting: RHB Ron Johnson 0-0: Ball
1-0: Ball
2-0: Foul Ball, location: 2F
2-1: Ground out 4-3 (Groundball, 13)
Batting: RHB Todd Noone 0-0: Foul Ball, location: 2F
0-1: Ball
1-1: Ground out 1-3 (Groundball, 13)
Batting: RHB Ismael Ortíz 0-0: Ball
1-0: Called Strike
1-1: Ball
2-1: Called Strike
2-2: Ball
3-2: Base on Balls
Pitching: RHP Ricardo Gutiérrez
Batting: RHB Pete Woods 0-0: Called Strike
0-1: Fielders Choice at 2nd, U4 (Groundball, 4M)
Top of the 8th over - 0 run(s), 0 hit(s), 0 error(s), 1 left on base; Pittsburgh 5 - Xavier 2
BOTTOM OF THE 8TH
Xavier Musketeers batting - Pitching for Pittsburgh Panthers : RHP William Gallegos
Batting: RHB Elliott Bell 0-0: Ball
1-0: Called Strike
1-1: Ball
2-1: Foul Ball, location: 2F
2-2: Ground out 6-3 (Groundball, 6)
Batting: LHB Roberto Barrón 0-0: Ball
1-0: Called Strike
1-1: Ball
2-1: Foul Ball, location: 2F
2-2: Foul Ball, location: 2F
2-2: Foul Ball, location: 2F
2-2: Strikes out swinging
Batting: RHB Ty Adams 0-0: Called Strike
0-1: Foul Ball, location: 2F
0-2: Ball
1-2: Foul Ball, location: 2F
1-2: SINGLE (Line Drive, 7S)
Pitching: RHP Scott Barteaux
Batting: RHB Cole Quintsey 0-0: Foul Ball, location: 2F
0-1: Ball
1-1: Foul Ball, location: 2F
1-2: Fly out, F4 (Popup, 34D)
Bottom of the 8th over - 0 run(s), 1 hit(s), 0 error(s), 1 left on base; Pittsburgh 5 - Xavier 2
TOP OF THE 9TH
Pittsburgh Panthers batting - Pitching for Xavier Musketeers : RHP Ricardo Gutiérrez
Batting: LHB Alonso Carbajal 0-0: Called Strike
0-1: SINGLE (Flyball, 78M)
Batting: RHB Bobby Cooper 0-0: Bunted foul
0-1: Bunted foul
0-2: Ball
1-2: Ball
2-2: Foul Ball, location: 2F
2-2: Ball
3-2: Base on Balls
Alonso Carbajal to second
Batting: SHB Tim Mullen 0-0: Called Strike
0-1: Ball
1-1: Ball
2-1: Ball
3-1: Base on Balls
Alonso Carbajal to third
Bobby Cooper to second
Batting: RHB Henry Edwards 0-0: Ball
1-0: Grounds into double play, 5-2-3 (Groundball, 5L)
Bobby Cooper to third
Tim Mullen to second
Batting: LHB Mike Hanson 0-0: Ball
1-0: Foul Ball, location: 2F
1-1: Called Strike
1-2: Strikes out looking
Top of the 9th over - 0 run(s), 1 hit(s), 0 error(s), 2 left on base; Pittsburgh 5 - Xavier 2
BOTTOM OF THE 9TH
Xavier Musketeers batting - Pitching for Pittsburgh Panthers : RHP Scott Barteaux
Pitching: RHP Paul Bryant
Batting: RHB Joe Noble 0-0: SINGLE (Popup, 9LS)
Batting: RHB Will Sawyer 0-0: Foul Ball, location: 2F
0-1: Ball
1-1: Fielders Choice at 2nd, 6-4 (Groundball, 6)
Batting: SHB Ray Reid 0-0: Ball
1-0: Foul Ball, location: 2F
1-1: Swinging Strike
1-2: Ball
2-2: SINGLE (Line Drive, 7S)
Will Sawyer to second
Pinch Hitting: LHB Paul Valentine 0-0: Ball
1-0: Foul Ball, location: 2F
1-1: Called Strike
1-2: Ball
2-2: Ball
3-2: Strikes out swinging
Batting: SHB Jorge Tamayo 0-0: Called Strike
0-1: Ball
1-1: Ball
2-1: Swinging Strike
2-2: Ball
3-2: Base on Balls
Will Sawyer to third
Ray Reid to second
Batting: RHB Elliott Bell 0-0: Ball
1-0: Foul Ball, location: 2F
1-1: Swinging Strike
1-2: Ball
2-2: Ground out 1-3 (Groundball, 15S)
Bottom of the 9th over - 0 run(s), 2 hit(s), 0 error(s), 3 left on base; Pittsburgh 5 - Xavier 2
Monday, December 5th, 2016 - OOTP Baseball 17.12 Build 75